 Dungeon Crawl Stone Soup version 0.23.2-33-g5129a83184 (webtiles) character file.

Game seed: 12986495158768775097

9382 Revguard the Nimble (level 11, -2/85 (86) HPs)
             Began as a Gnoll Gladiator on July 25, 2019.
             Was a Priest of Sif Muna.
             Slain by a catoblepas (29 damage)
             ... on level 10 of the Dungeon.
             The game lasted 00:21:43 (8258 turns).

Revguard the Nimble (Gnoll Gladiator)               Turns: 8258, Time: 00:21:43

HP:   -2/85 (86)    AC: 12    Str: 17    XL:     11   Next: 45%
MP:   6/20          EV: 19    Int: 16    God:    Sif Muna [***...]
Gold: 434           SH:  0    Dex: 23    Spells: 23/23 levels left

rFire    + . .     SeeInvis +   J - +6 mace "Xuesan" {freeze, rF+ rN+ Dex+3}
rCold    . . .     Gourm    .   (no shield)
rNeg     + . .     Faith    .   C - +3 ring mail of Xaaserep {Int+4}
rPois    .         Spirit   .   c - +0 helmet
rElec    .         Reflect  .   (no cloak)
rCorr    .         Harm     .   s - +0 pair of gloves
MR       .....                  (no boots)
Stlth    +++.......             (no amulet)
HPRegen  0.24/turn              h - ring of see invisible
MPRegen  0.17/turn              j - +2 ring of dexterity

@: no status effects
A: distributed training, fangs 2, screaming 1, MP-powered wands, strong nose
a: Divine Energy, Channel Magic, Renounce Religion


You were on level 10 of the Dungeon.
You worshipped Sif Muna.
Sif Muna was most pleased with you.
You were hungry.

You visited 2 branches of the dungeon, and saw 11 of its levels.

You collected 434 gold pieces.

Inventory:

Hand Weapons
 a - a +1 war axe
 I - the +3 quarterstaff of the Mouth {crush, rElec Str+3}
   (You took it off an orc on level 9 of the Dungeon)

   It inflicts extra damage upon your enemies.
   It affects your strength (+3).
   It insulates you from electricity.
 J - the +6 mace "Xuesan" (weapon) {freeze, rF+ rN+ Dex+3}
   (You found it on level 10 of the Dungeon)

   It has been specially enchanted to freeze those struck by it, causing extra
   injury to most foes and up to half again as much damage against particularly
   susceptible opponents.
   It can also slow down cold-blooded creatures.
   It affects your dexterity (+3).
   It protects you from fire.
   It protects you from negative energy.
Missiles
 d - 5 throwing nets (quivered)
Armour
 c - a +0 helmet (worn)
 s - a +0 pair of gloves (worn)
 C - the +3 ring mail of Xaaserep (worn) {Int+4}
   (You found it on level 6 of the Dungeon)

   It affects your intelligence (+4).
Jewellery
 h - a ring of see invisible (left hand)
 j - a +2 ring of dexterity (right hand)
 K - an uncursed amulet of guardian spirit {unknown}
Wands
 k - a wand of polymorph (9)
 t - a wand of acid (6)
 w - a wand of clouds (2)
 x - a wand of disintegration (17)
 y - a wand of flame (10)
 F - a wand of paralysis (9)
Scrolls
 e - 2 scrolls of teleportation
 l - 2 scrolls of remove curse
 m - a scroll of fog
 n - a scroll of amnesia
 p - 3 scrolls of immolation
 v - 2 scrolls of random uselessness {unknown}
 A - a scroll of enchant weapon
 D - a scroll of summoning {unknown}
 E - a scroll of enchant armour {unknown}
 G - 3 scrolls of vulnerability {unknown}
 H - 2 scrolls of holy word {unknown}
 L - a scroll of identify
Potions
 b - 2 potions of brilliance
 g - a potion of magic
 i - 2 potions of curing
 o - 2 potions of agility
 q - a potion of lignification
 r - 2 potions of flight
 u - a potion of heal wounds
 z - 2 potions of might
 B - a potion of mutation
Comestibles
 f - 22 rations


   Skills:
 + Level 8.0 Fighting
 + Level 6.5 Short Blades
 + Level 6.5 Long Blades
 + Level 9.3 Axes
 + Level 6.5 Maces & Flails
 + Level 6.5 Polearms
 + Level 6.5 Staves
 + Level 6.5 Slings
 + Level 6.5 Bows
 + Level 6.5 Crossbows
 + Level 8.0 Throwing
 + Level 6.5 Armour
 + Level 9.3 Dodging
 + Level 6.5 Stealth
 + Level 6.5 Shields
 + Level 6.5 Unarmed Combat
 + Level 6.5 Spellcasting
 + Level 5.4 Conjurations
 + Level 5.4 Hexes
 + Level 5.4 Charms
 + Level 5.4 Summonings
 + Level 5.4 Necromancy
 + Level 5.4 Translocations
 + Level 5.4 Transmutations
 + Level 5.4 Fire Magic
 + Level 5.4 Ice Magic
 + Level 5.4 Air Magic
 + Level 5.4 Earth Magic
 + Level 5.4 Poison Magic
 + Level 7.1 Invocations
 + Level 6.5 Evocations


You had 23 spell levels left.
You didn't know any spells.
Your spell library was empty.

Dungeon Overview and Level Annotations

Branches:
Dungeon (10/15)            Temple (1/1) D:4             Orc (0/2) D:9
   Lair: D:8-11

Altars:
Ashenzari
Cheibriados
Dithmenos
Elyvilon
Fedhas
Gozag
Hepliaklqana
Kikubaaqudgha
Makhleb
Nemelex Xobeh
Okawaru
Qazlal
Ru
Sif Muna
Trog
Uskayaw
Vehumet
Wu Jian
Xom
Yredelemnul
Zin
The Shining One

Shops:
D:3 *


Innate Abilities, Weirdness & Mutations

Your experience applies equally to all skills.
You have extremely sharp teeth.
Your uncanny sense of smell can sniff out nearby items.
You occasionally shout uncontrollably at your foes.
You expend magic power (3 MP) to strengthen your wands.


Message History

You feel a surge of power!
The catoblepas bellows!
The catoblepas resists with almost no effort.
You hear a bellow! x4
Evoke which item? (* to show all) (? for menu, Esc to quit)
Aiming: Corrosive Bolt
Press: ? - help, Shift-Dir - straight line, f/p - catoblepas
Aim: a catoblepas (severely wounded)
You feel a surge of power!
The bolt of acid hits the catoblepas.
The catoblepas is splashed with acid!
The catoblepas is severely wounded.
Evoke which item? (* to show all) (? for menu, Esc to quit)
Aiming: Corrosive Bolt
Press: ? - help, Shift-Dir - straight line, f/p - catoblepas
Aim: a catoblepas (severely wounded)
You feel a surge of power!
The bolt of acid hits the catoblepas!!
The catoblepas is splashed with acid.
The acid corrodes the catoblepas!
The catoblepas is almost dead.
The catoblepas gores you!!
You die...

##.. #. .... .. . .§. ..
F.# .§##. .Y##§#. ##
.?§§ .## #§## ..##
##§.###...#...
#@Y§......#(..
#..§.....##.. .
#.....###.####.. .. ∆
#....##.....##.# #.. ∆
##..##.......#.####..
### #.......#..#....
........................
.
#.......................
..
#......................


You could see a catoblepas.

Vanquished Creatures
  A two-headed ogre (D:9)
  A manticore (D:10)
  2 trolls
  A hippogriff (D:9)
  4 yaks (D:7)
  2 wyverns (D:8)
  Menkaure (D:6)
  Edmund (D:5)
  A water moccasin (D:9)
  6 orc warriors
  A sky beast (D:8)
  A necrophage (D:8)
  3 centaurs
  8 ogres
  3 big kobolds (D:9)
  6 bullfrogs
  3 gnoll sergeants
  A wyvern zombie (D:8)
  2 scorpions (D:4)
  3 wights (D:9)
  A crimson imp (D:7)
  2 howler monkeys
  A bullfrog zombie (D:6)
  2 quasits
  2 hounds
  4 jellies
  5 orc priests
  5 orc wizards
  3 bullfrog skeletons
  5 worker ants
  2 worker ant zombies
  7 gnolls
  A howler monkey skeleton (D:8)
  14 adders
  A shadow imp (D:6)
  8 oozes
  3 worms
  6 dart slugs (D:1)
  3 leopard geckos
  22 orcs
  5 bats
  3 giant cockroaches
  14 goblins
  10 hobgoblins
  3 jackals (D:3)
  7 kobolds
  3 quokkas
  4 frilled lizards
  11 rats
208 creatures vanquished.

Notes
Turn   | Place    | Note
-------+----------+-------------------------------------------
     0 | D:1      | Revguard the Gnoll Gladiator began the quest for the Orb.
     0 | D:1      | Reached XP level 1. HP: 20/20 MP: 1/1
   152 | D:1      | Reached XP level 2. HP: 22/26 MP: 2/2
   459 | D:1      | Reached XP level 3. HP: 31/31 MP: 3/3
   600 | D:1      | Reached skill level 1 in Invocations
   830 | D:1      | Gained mutation: You occasionally shout uncontrollably at
                  | your foes. [potion of mutation]
   830 | D:1      | Gained mutation: You have extremely sharp teeth. [potion of
                  | mutation]
   830 | D:1      | Gained mutation: You expend magic power (3 MP) to
                  | strengthen your wands. [potion of mutation]
  1075 | D:2      | Reached skill level 1 in Short Blades
  1075 | D:2      | Reached skill level 1 in Long Blades
  1075 | D:2      | Reached skill level 1 in Maces & Flails
  1075 | D:2      | Reached skill level 1 in Polearms
  1075 | D:2      | Reached skill level 1 in Staves
  1075 | D:2      | Reached skill level 1 in Slings
  1075 | D:2      | Reached skill level 1 in Bows
  1075 | D:2      | Reached skill level 1 in Crossbows
  1075 | D:2      | Reached skill level 1 in Armour
  1075 | D:2      | Reached skill level 1 in Stealth
  1075 | D:2      | Reached skill level 1 in Shields
  1075 | D:2      | Reached skill level 1 in Unarmed Combat
  1075 | D:2      | Reached skill level 1 in Spellcasting
  1075 | D:2      | Reached skill level 1 in Evocations
  1155 | D:2      | Reached XP level 4. HP: 38/38 MP: 5/5
  2054 | D:2      | Reached skill level 1 in Conjurations
  2054 | D:2      | Reached skill level 1 in Hexes
  2054 | D:2      | Reached skill level 1 in Charms
  2054 | D:2      | Reached skill level 1 in Summonings
  2054 | D:2      | Reached skill level 1 in Necromancy
  2054 | D:2      | Reached skill level 1 in Translocations
  2054 | D:2      | Reached skill level 1 in Transmutations
  2054 | D:2      | Reached skill level 1 in Fire Magic
  2054 | D:2      | Reached skill level 1 in Ice Magic
  2054 | D:2      | Reached skill level 1 in Air Magic
  2054 | D:2      | Reached skill level 1 in Earth Magic
  2054 | D:2      | Reached skill level 1 in Poison Magic
  2249 | D:3      | Reached XP level 5. HP: 30/43 MP: 6/6
  2911 | D:3      | Found a faded altar of an unknown god.
  3024 | D:3      | Found an opulent altar of Gozag.
  3028 | D:3      | Found Gozag's Platinum Reserve.
  3084 | D:4      | Found a staircase to the Ecumenical Temple.
  3102 | Temple   | Entered the Ecumenical Temple
  3245 | Temple   | Became a worshipper of Sif Muna the Loreminder
  3300 | D:4      | Reached XP level 6. HP: 48/50 MP: 8/8
  3341 | D:4      | Reached skill level 5 in Fighting
  3341 | D:4      | Reached skill level 5 in Throwing
  3556 | D:4      | Reached XP level 7. HP: 53/56 MP: 10/10
  3666 | D:5      | Entered Level 5 of the Dungeon
  4076 | D:5      | Found a basalt altar of Yredelemnul.
  4130 | D:5      | Noticed Edmund
  4135 | D:5      | Killed Edmund
  4717 | D:6      | Reached XP level 8. HP: 50/63 MP: 12/12
  5321 | D:6      | Found a basalt altar of Yredelemnul.
  5379 | D:6      | Noticed Menkaure
  5383 | D:6      | Killed Menkaure
  5589 | D:7      | Reached * piety under Sif Muna
  5732 | D:7      | Noticed a yak
  5732 | D:7      | Noticed a yak
  5733 | D:7      | Noticed a yak
  5735 | D:7      | Noticed a yak
  5737 | D:7      | Reached XP level 9. HP: 69/69 MP: 10/14
  5823 | D:7      | Reached ** piety under Sif Muna
  6171 | D:6      | Got a slimy ring mail
  6172 | D:6      | Identified the +3 ring mail of Xaaserep {Int+4} (You found
                  | it on level 6 of the Dungeon)
  6618 | D:8      | Reached *** piety under Sif Muna
  6618 | D:8      | Reached skill level 5 in Short Blades
  6618 | D:8      | Reached skill level 5 in Long Blades
  6618 | D:8      | Reached skill level 5 in Maces & Flails
  6618 | D:8      | Reached skill level 5 in Polearms
  6618 | D:8      | Reached skill level 5 in Staves
  6618 | D:8      | Reached skill level 5 in Slings
  6618 | D:8      | Reached skill level 5 in Bows
  6618 | D:8      | Reached skill level 5 in Crossbows
  6618 | D:8      | Reached skill level 5 in Armour
  6618 | D:8      | Reached skill level 5 in Stealth
  6618 | D:8      | Reached skill level 5 in Shields
  6618 | D:8      | Reached skill level 5 in Unarmed Combat
  6618 | D:8      | Reached skill level 5 in Spellcasting
  6618 | D:8      | Reached skill level 5 in Evocations
  6618 | D:8      | Reached XP level 10. HP: 78/78 MP: 15/18
  7187 | D:9      | Reached skill level 5 in Conjurations
  7187 | D:9      | Reached skill level 5 in Hexes
  7187 | D:9      | Reached skill level 5 in Charms
  7187 | D:9      | Reached skill level 5 in Summonings
  7187 | D:9      | Reached skill level 5 in Necromancy
  7187 | D:9      | Reached skill level 5 in Translocations
  7187 | D:9      | Reached skill level 5 in Transmutations
  7187 | D:9      | Reached skill level 5 in Fire Magic
  7187 | D:9      | Reached skill level 5 in Ice Magic
  7187 | D:9      | Reached skill level 5 in Air Magic
  7187 | D:9      | Reached skill level 5 in Earth Magic
  7187 | D:9      | Reached skill level 5 in Poison Magic
  7201 | D:9      | Identified the +3 quarterstaff of the Mouth {crush, rElec
                  | Str+3}
  7366 | D:9      | Found a staircase to the Orcish Mines.
  7369 | D:9      | Reached XP level 11. HP: 84/84 MP: 16/20
  7490 | D:9      | Noticed a two-headed ogre
  7496 | D:9      | Killed a two-headed ogre
  7931 | D:10     | Entered Level 10 of the Dungeon
  8222 | D:10     | Got a steaming mace
  8223 | D:10     | Identified the +6 mace "Xuesan" {freeze, rF+ rN+ Dex+3}
                  | (You found it on level 10 of the Dungeon)
  8235 | D:10     | Noticed a catoblepas
  8239 | D:10     | Noticed a manticore
  8250 | D:10     | Killed a manticore
  8258 | D:10     | Slain by a catoblepas

Skill      XL: |  1  2  3  4  5  6  7  8  9 10 11 |
---------------+----------------------------------+-----
Invocations    | 1 2 3 4 6 7 |  7.1
Short Blades   | 1 2 3 5 6 |  6.5
Long Blades    | 1 2 3 5 6 |  6.5
Maces & Flails | 1 2 3 5 6 |  6.5
Polearms       | 1 2 3 5 6 |  6.5
Staves         | 1 2 3 5 6 |  6.5
Slings         | 1 2 3 5 6 |  6.5
Bows           | 1 2 3 5 6 |  6.5
Crossbows      | 1 2 3 5 6 |  6.5
Armour         | 1 2 3 5 6 |  6.5
Stealth        | 1 2 3 5 6 |  6.5
Shields        | 1 2 3 5 6 |  6.5
Unarmed Combat | 1 2 3 5 6 |  6.5
Spellcasting   | 1 2 3 5 6 |  6.5
Evocations     | 1 2 3 5 6 |  6.5
Conjurations   | 1 2 3 4 5 |  5.4
Hexes          | 1 2 3 4 5 |  5.4
Charms         | 1 2 3 4 5 |  5.4
Summonings     | 1 2 3 4 5 |  5.4
Necromancy     | 1 2 3 4 5 |  5.4
Translocations | 1 2 3 4 5 |  5.4
Transmutations | 1 2 3 4 5 |  5.4
Fire Magic     | 1 2 3 4 5 |  5.4
Ice Magic      | 1 2 3 4 5 |  5.4
Air Magic      | 1 2 3 4 5 |  5.4
Earth Magic    | 1 2 3 4 5 |  5.4
Poison Magic   | 1 2 3 4 5 |  5.4
Fighting       | 5 6 7 8 |  8.0
Throwing       | 5 6 7 8 |  8.0
Axes           | 7 8 9 |  9.3
Dodging        | 7 8 9 |  9.3

Action                   |  1- 3 |  4- 6 |  7- 9 | 10-12 || total
-------------------------+-------+-------+-------+-------++-------
Melee: War axe           |    65 |   123 |   193 |    91 ||   472
       Bite              |     7 |    14 |    30 |    30 ||    81
       Punch             |       |     2 |     3 |     5 ||    10
       Quarterstaff      |       |       |       |    68 ||    68
       Mace              |       |       |       |    10 ||    10
Evoke: Wand              |       |       |     4 |    12 ||    16
  Use: Scroll            |     5 |     3 |     7 |       ||    15
       Potion            |     3 |     3 |     1 |     1 ||     8
 Stab: Sleeping          |       |     7 |     3 |     5 ||    15
       Distracted        |       |     1 |       |       ||     1
  Eat: Chunk             |     1 |     7 |    10 |     5 ||    23
Armor: Leather armour    |     9 |     4 |       |       ||    13
       Robe              |       |     7 |    23 |       ||    30
       Ring mail         |       |       |     1 |    43 ||    44
Dodge: Dodged            |    69 |    90 |   184 |   156 ||   499
